 Dungeon Crawl Stone Soup version 0.23-a0-419-g0174fd8 (webtiles) character file.

4561 Inarius the Cleaver (level 10, 0/84 HPs)
             Began as a Ghoul Fighter on Nov 13, 2018.
             Was a Believer of Okawaru.
             Slain by a warg (3 damage)
             ... on level 9 of the Dungeon.
             The game lasted 00:13:24 (6499 turns).

Inarius the Cleaver (Ghoul Fighter)                 Turns: 6499, Time: 00:13:26

Health: 0/84       AC: 15    Str: 18 (21) XL:     10   Next: 40%
Magic:  9/9        EV:  4    Int:  7 (10) God:    Okawaru [**....]
Gold:   184        SH:  9    Dex:  7 (8)  Spells: 9/9 levels left

rFire    . . .     SeeInvis .   a - +0 war axe
rCold    + . .     Gourm    .   c - +0 shield
rNeg     + + +     Faith    .   l - +0 plate armour
rPois    ∞         Spirit   .   (no helmet)
rElec    .         Reflect  .   F - +1 cloak
rCorr    .         Harm     .   (no gloves)
MR       .....                  G - +0 pair of boots
Stlth    ..........             (no amulet)
HPRegen  0.00/turn              B - +4 ring of intelligence
MPRegen  0.11/turn              (no ring)

@: rotting
A: rotting body, claws 1, carnivore, cold resistance 1, negative energy
resistance 3, inhibited regeneration, torment resistance, unbreathing
a: Heroism, Renounce Religion


You were on level 9 of the Dungeon.
You worshipped Okawaru.
Okawaru was pleased with you.
You were not hungry.

You visited 2 branches of the dungeon, and saw 10 of its levels.

You collected 496 gold pieces.
You spent 312 gold pieces at shops.

Inventory:

Hand Weapons
 a - a +0 war axe (weapon)
 k - a +2 dagger of venom
 u - a +5 dagger
Missiles
 r - 2 javelins (quivered)
Armour
 c - a +0 shield (worn)
 l - a +0 plate armour (worn)
 F - a +1 cloak (worn)
 G - a +0 pair of boots (worn)
Jewellery
 B - a +4 ring of intelligence (left claw)
Wands
 g - a wand of iceblast (1)
 p - a wand of polymorph (9)
 q - a wand of disintegration (15)
 z - a wand of flame (21)
Scrolls
 e - a scroll of blinking {unknown}
 j - a scroll of fog {unknown}
 n - 3 scrolls of remove curse
 o - 2 scrolls of enchant weapon
 v - a scroll of noise
 w - 2 scrolls of enchant armour {unknown}
 x - 3 scrolls of vulnerability
 y - a scroll of acquirement {unknown}
 D - a scroll of teleportation
 E - a scroll of amnesia {unknown}
Potions
 b - a potion of agility {unknown}
 d - 2 potions of might
 h - 2 potions of flight
 i - 4 potions of brilliance
 m - a potion of degeneration
 t - a potion of cancellation {unknown}
 A - a potion of invisibility {unknown}
Comestibles
 f - 14 rations


   Skills:
 + Level 6.4 Fighting
 * Level 10.6 Axes
 + Level 5.4 Armour
 + Level 0.9 Dodging
 - Level 1.0 Stealth
 + Level 5.8 Shields
 * Level 1.2 Evocations


You had 9 spell levels left.
You didn't know any spells.
Your spell library contained the following spells:

 Spells                   Type           Power        Failure   Level  Hunger
 Animate Skeleton         Necr           N/A          100%        1    ##.....
 Apportation              Tloc           #.....       100%        1    ##.....
 Confusing Touch          Hex            #.....       100%        1    ##.....
 Corona                   Hex            #......      100%        1    ##.....
 Summon Small Mammal      Summ           #...         100%        1    ##.....
 Ensorcelled Hibernation  Hex/Ice        #.....       100%        2    ###....
 Confuse                  Hex            #.......     100%        3    ####...
 Dazzling Spray           Conj/Hex       #.....       100%        3    ####...
 Tukima's Dance           Hex            #.......     100%        3    ####...


Dungeon Overview and Level Annotations

Branches:
Dungeon (9/15)             Temple (1/1) D:6
   Lair: D:8-11         Orc: D:9-12

Altars:
Ashenzari
Cheibriados
Elyvilon
Fedhas
Gozag
Hepliaklqana
Kikubaaqudgha
Makhleb
Nemelex Xobeh
Okawaru
Qazlal
Ru
Sif Muna
Trog
Uskayaw
Vehumet
Wu Jian
Xom
Yredelemnul
Zin
The Shining One

Shops:
D:5 :   D:8 [

Annotations:
D:9 Erica


Innate Abilities, Weirdness & Mutations

Your body is rotting away.
You thrive on raw meat.
You are immune to poison.
You have sharp fingernails.
You are carnivorous and can eat meat at any time.
Your flesh is cold resistant. (rC+)
You are immune to negative energy. (rN+++)
You do not regenerate when monsters are visible.
You are immune to unholy pain and torment.
You can survive without breathing.


Message History

Your shield and plate armour prevent you from hitting the orc warrior.
You block the warg's attack. x2
The orc warrior hits you with a +0 long sword!
* * * LOW HITPOINT WARNING * * *
Unknown command.
Okay, then.
Okay, then.
Unknown command.
It was a potion of degeneration.
There was something very wrong with that liquid.
You feel weakened.
You feel dopey.
You feel clumsy. The warg bites you.
* * * LOW HITPOINT WARNING * * *
The orc hits you but does no damage.
It was a potion of curing.
You feel better.
Erica the Fiery-Tempered comes into view.
She is wielding a +4 scimitar of The orc warrior hits you with a +0 long sword.
* * * LOW HITPOINT WARNING * * *
The warg bites you.
You die...

........#.######.......
........#.............
####....#...........#
...#....#......[....#
...#....#...........#
...#.####...........#
####.#..............#
...<.#..............#
.....#..........@)###
######..######.oho# >##
#...# #....# ..8##...#
#....@... ...##...#
#........ ...8#(..#
#...#....o ...##...#
#...##.... ..8##...####
#...# #... ...##......#
#...# ##


You could see Erica, a warg, an orc warrior and an orc.

Vanquished Creatures
  Grinder (D:3)
  Prince Ribbit (D:9)
  2 hippogriffs
  Sigmund (D:3)
  Eustachio (D:5)
  A warg (D:9)
  Menkaure (D:4)
  An orc warrior (D:8)
  A sky beast (D:7)
  A black bear (D:9)
  2 phantoms
  4 ogres
  A centaur (D:5)
  3 bullfrogs
  A wyvern skeleton (D:8)
  2 scorpions
  3 killer bees (D:8)
  5 wights (D:9)
  3 howler monkeys
  A bullfrog zombie (D:5)
  3 crimson imps
  A centaur zombie (D:5)
  3 hounds
  5 orc priests
  A centaur skeleton (D:4)
  6 jellies
  10 orc wizards
  3 bullfrog skeletons
  Jessica (D:3)
  6 worker ants
  An iguana (D:6)
  A hound zombie (D:5)
  A worker ant zombie (D:5)
  7 gnolls
  13 adders
  2 shadow imps
  11 oozes (D:3)
  4 adder skeletons
  2 adder zombies (D:8)
  3 worms
  A dart slug (D:1)
  7 leopard geckos
  21 orcs
  3 bats
  7 giant cockroaches
  9 goblins
  7 hobgoblins
  2 jackals (D:4)
  12 kobolds
  2 quokkas
  A ball python (D:4)
  3 frilled lizards
  A jackal skeleton (D:3)
  A jackal zombie (D:6)
  A leopard gecko skeleton (D:4)
  A quokka skeleton (D:4)
  A quokka zombie (D:2)
  5 rats
205 creatures vanquished.

Vanquished Creatures (others)
  A fungus (D:3)
  12 toadstools (D:3)
13 creatures vanquished.

Grand Total: 218 creatures vanquished

Notes
Turn   | Place    | Note
-------+----------+-------------------------------------------
     0 | D:1      | Inarius the Ghoul Fighter began the quest for the Orb.
     0 | D:1      | Reached XP level 1. HP: 19/19 MP: 0/0
   208 | D:1      | Reached skill level 2 in Axes
   209 | D:1      | Reached XP level 2. HP: 26/26 MP: 1/1
   402 | D:1      | Reached XP level 3. HP: 18/33 MP: 2/2
   667 | D:2      | Reached XP level 4. HP: 34/40 MP: 3/3
   721 | D:2      | Found a white marble altar of Elyvilon.
  1085 | D:2      | Reached skill level 3 in Axes
  1239 | D:3      | Noticed Sigmund
  1245 | D:3      | Killed Sigmund
  1245 | D:3      | Reached skill level 4 in Axes
  1245 | D:3      | Reached XP level 5. HP: 28/46 MP: 4/4
  1245 | D:3      | Reached XP level 6. HP: 32/52 MP: 5/5
  1327 | D:3      | Noticed Jessica
  1332 | D:3      | Killed Jessica
  1372 | D:3      | Found an opulent altar of Gozag.
  1473 | D:3      | Noticed Grinder
  1488 | D:3      | Killed Grinder
  1488 | D:3      | Reached skill level 5 in Axes
  1488 | D:3      | Reached XP level 7. HP: 31/59 MP: 6/6
  2058 | D:4      | Reached skill level 6 in Axes
  2143 | D:4      | Reached XP level 8. HP: 49/66 MP: 7/7
  2505 | D:4      | Found a sacrificial altar of Ru.
  2506 | D:4      | Found a glowing silver altar of Zin.
  2512 | D:4      | Reached skill level 7 in Axes
  2730 | D:4      | Noticed Menkaure
  2736 | D:4      | Killed Menkaure
  2739 | D:5      | Entered Level 5 of the Dungeon
  2814 | D:5      | Found a basalt altar of Yredelemnul.
  2815 | D:5      | Found an opulent altar of Gozag.
  2815 | D:5      | Found a bloodstained altar of Trog.
  2816 | D:5      | Found a hazy altar of Hepliaklqana.
  2817 | D:5      | Noticed Eustachio
  2853 | D:5      | Killed Eustachio
  2969 | D:5      | Reached skill level 8 in Axes
  3109 | D:5      | Reached skill level 5 in Fighting
  3125 | D:5      | Reached XP level 9. HP: 55/74 MP: 8/8
  3192 | D:5      | Found Guxe's Book Emporium.
  3922 | D:6      | Found a staircase to the Ecumenical Temple.
  4077 | Temple   | Entered the Ecumenical Temple
  4199 | Temple   | Became a worshipper of Warmaster Okawaru
  4407 | D:6      | Found a radiant altar of Vehumet.
  4470 | D:6      | Reached skill level 5 in Shields
  4525 | D:6      | Reached skill level 9 in Axes
  5010 | D:7      | Found a deep blue altar of Sif Muna.
  5407 | D:8      | Reached * piety under Okawaru
  5407 | D:8      | Reached skill level 1 in Stealth
  5597 | D:8      | Found Terchajale's Antique Armour Shop.
  5609 | D:8      | Bought a glowing cloak for 195 gold pieces
  5609 | D:8      | Bought a pair of boots for 117 gold pieces
  5630 | D:8      | Found an ornate altar of the Wu Jian Council.
  5649 | D:8      | Reached skill level 10 in Axes
  5649 | D:8      | Reached XP level 10. HP: 44/83 MP: 9/9
  5653 | D:8      | Reached skill level 5 in Armour
  5883 | D:9      | Reached ** piety under Okawaru
  6162 | D:9      | Noticed Prince Ribbit
  6179 | D:9      | Killed Prince Ribbit
  6179 | D:9      | Reached skill level 1 in Evocations
  6207 | D:9      | Found a hide-covered altar of Uskayaw.
  6497 | D:9      | HP: 3/84 [orc warrior/+0 long sword (7)]
  6498 | D:9      | HP: 1/84 [warg (2)]
  6499 | D:9      | Noticed Erica
  6499 | D:9      | Slain by a warg

Vault maps used:
D:1:      mrwooster_arrival_statue_3
D:2:      serial_curves, eino_curves_03, eino_curves_02, first_ration,
          minmay_misc_feat_nine_boxes, elyvilon_altar_5
D:3:      cheibrodos_fertilizer, grunt_gozag_breadcrumbs, uniq_grinder,
          uniq_sigmund, uniq_jessica
D:4:      gammafunk_temple_overflow_pools, uniq_menkaure
D:5:      chequers_temple_overflow_statue_of_worship, serial_shops,
          nicolae_shop_competitors_out_of_business, kennysheep_small_circle,
          uniq_eustachio
D:6:      lemuel_coloured_pillars_altar, minmay_temple_entry_trees
D:7:      basic_altar
D:8:      kennysheep_mini_moat, serial_shops, shop
D:9:      nicolae_overflow_hidden_temple, erik_lair_orcish_takeover,
          serial_shops, nicolae_shop_window_shopping, uniq_prince_ribbit1,
          uniq_erica
Temple:   oiseaux_autumnal_temple

Skill      XL: |  1  2  3  4  5  6  7  8  9 10 |
---------------+-------------------------------+-----
Axes           | 2 4 5 6 8 10 | 10.6
Armour         | 3 4 5 |  5.4
Shields        | 3 4 5 |  5.8
Fighting       | 4 5 6 |  6.4
Stealth        | 1 |  1.0
Evocations     | 1 |  1.2
Dodging        | |  0.9

Action                   |  1- 3 |  4- 6 |  7- 9 | 10-12 || total
-------------------------+-------+-------+-------+-------++-------
Melee: War axe           |    74 |   150 |   572 |   138 ||   934
Throw: Throwing net      |       |       |     1 |       ||     1
Evoke: Wand              |       |       |     5 |       ||     5
  Use: Scroll            |       |     4 |     5 |     1 ||    10
       Potion            |       |     1 |       |     2 ||     3
  Eat: Chunk             |    12 |    17 |    81 |    20 ||   130
Armor: Scale mail        |    36 |    10 |       |       ||    46
       Chain mail        |       |    80 |    12 |       ||    92
       Plate armour      |       |       |   353 |   113 ||   466
Dodge: Dodged            |    21 |    34 |   100 |    31 ||   186
Block: Shield            |    31 |    83 |   282 |    99 ||   495

Table legend:
 A = Non-vault XP
 B = Vault XP
 C = Vault XP percentage of total XP
 D = Non-vault monster count
 E = Vault monster count
 F = Vault count percentage of total count
                 A         B        C        D         E       F
            +---------+---------+-------+---------+---------+-------
      Total |    4807 |    1709 |  26.2 |     174 |      31 |  15.1
            +---------+---------+-------+---------+---------+-------
        D:1 |      49 |       0 |   0.0 |      18 |       0 |   0.0
        D:2 |      89 |       0 |   0.0 |      27 |       0 |   0.0
        D:3 |     103 |     755 |  88.0 |      16 |      23 |  59.0
        D:4 |     485 |     172 |  26.2 |      20 |       1 |   4.8
        D:5 |     789 |     248 |  23.9 |      22 |       3 |  12.0
        D:6 |     639 |       0 |   0.0 |      22 |       0 |   0.0
        D:7 |     441 |       0 |   0.0 |      11 |       0 |   0.0
        D:8 |    1336 |       0 |   0.0 |      24 |       0 |   0.0
        D:9 |     876 |     534 |  37.9 |      14 |       4 |  22.2
            +---------+---------+-------+---------+---------+-------
